 Dungeon Crawl Stone Soup version 0.30.1-9-gdf580d7c3d (webtiles) character file.

Game seed: 18259466423037856111

16 safid the Chiller (level 2, 0/21 HPs)
             Began as a Merfolk Ice Elementalist on Oct 4, 2023.
             Frozen to death by an endoplasm (2 damage)
             ... on level 2 of the Dungeon.
             The game lasted 00:01:09 (913 turns).

safid the Chiller (Merfolk Ice Elementalist)         Turns: 913, Time: 00:01:10

Health: 0/21       AC:  3    Str:  8    XL:     2   Next: 54%
Magic:  4/5        EV: 12    Int: 14    God:
Gold:   29         SH:  0    Dex: 14    Spells: 4/5 levels left

rFire   . . .        h - +0 whip (venom)
rCold   . . .        (no shield)
rNeg    . . .        a - +0 robe
rPois   .            (no helmet)
rElec   .            (no cloak)
rCorr   .            n - +0 pair of gloves
SInv    .            (no boots)
Will    .....        (no amulet)
Stlth   ++           c - ring of flight
HPRegen 0.23/turn    (no ring)
MPRegen 0.09/turn

%: no passive effects
@: flying
A: (nimble swimmer 2), mertail
a: no special abilities


You were on level 2 of the Dungeon.
You visited 1 branch of the dungeon, and saw 2 of its levels.

You collected 43 gold pieces.
You spent 14 gold pieces at shops.

Inventory:

Hand Weapons
 h - a +0 whip of venom (weapon)
Armour
 a - a +0 robe (worn)
 n - a +0 pair of gloves (worn)
Jewellery
 c - a ring of flight (left hand)
Scrolls
 f - 2 scrolls of fog {unknown}
 g - a scroll of silence {unknown}
 j - a scroll of vulnerability {unknown}
 k - a scroll of magic mapping {unknown}
 l - a scroll of acquirement {unknown}
Potions
 b - a potion of magic
 d - a potion of curing {unknown}
 e - 2 potions of mutation {unknown}
 i - a potion of degeneration {unknown}
 m - a potion of attraction {unknown}


   Skills:
 + Level 1.2 Fighting
 - Level 2.6 Dodging
 - Level 2.1 Stealth
 + Level 2.3 Spellcasting
 + Level 4.6 Ice Magic


You had 4 spell levels left.
You knew the following spells:

 Your Spells              Type           Power      Damage    Failure   Level
a - Freeze                Ice            56%        1d7       3%          1

Your spell library contained the following spells:

 Spells                   Type           Power      Damage    Failure   Level
 Frozen Ramparts          Ice            28%        1d5       11%         3
 Ozocubu's Armour         Ice            14%        N/A       11%         3
 Summon Ice Beast         Ice/Summ       8%         N/A       65%         4


Dungeon Overview and Level Annotations

Branches:
Dungeon (2/15)

Altars:

Shops:
D:1 (**[(


Innate Abilities, Weirdness & Mutations

((You are very nimble when in or above water. (Stealth+, EV+, Speed+++)))
Your lower body shifts to a powerful aquatic tail in water.


Message History

You closely miss the ball python.
The ball python bites you but does no damage.
The ball python closely misses you.
You barely miss the ball python. The ball python barely misses you.
The ball python misses you. The ball python bites you.
The ball python grabs you. The ball python constricts you.
You hit the ball python.
You kill the ball python! 2 endoplasms come into view.
You hit the endoplasm.
The endoplasm is severely wounded.
The endoplasm hits you.
You hit the endoplasm.
You kill the endoplasm!
The endoplasm quivers.
The endoplasm freezes you.
You are frozen.
You hit the endoplasm but do no damage. The endoplasm closely misses you.
You hit the endoplasm but do no damage. The endoplasm freezes you.
You are frozen.
You hit the endoplasm but do no damage. The endoplasm misses you.
The endoplasm freezes you.
You are frozen.
The endoplasm freezes you.
You are frozen.
* * * LOW HITPOINT WARNING * * *
The endoplasm freezes you.
You are frozen.
* * * LOW HITPOINT WARNING * * *
Casting: Freeze (safe; 3% risk of failure)
Confirm with . or Enter, or press ? or * to list all spells.
Aiming: Freeze (safe; 3% risk of failure)
Press: ? - help, Shift-Dir - straight line, f - endoplasm
Aim: an endoplasm You freeze the endoplasm.
The endoplasm is severely wounded.
The endoplasm freezes you.
You are frozen.
You die...

# #.###.##.#
#.######.###.##.###
######.#....#...........
...................#.###
.....?....######...#....
............†....#.#....
...........#######.#....
...........##...........
......J@.....^....######
.......J....^_..........
...........#^^....######
...........##.....#
...........##.....#
...........##.....######
######.###.##)..........
#. .##...........
#...........


You could see 2 endoplasms.

Vanquished Creatures
  2 bats (D:2)
  An endoplasm (D:2)
  A giant cockroach (D:1)
  3 goblins (D:1)
  2 ball pythons
  3 frilled lizards
  2 kobolds (D:1)
  2 rats
16 creatures vanquished.

Notes
Turn   | Place    | Note
-------+----------+-------------------------------------------
     0 | D:1      | safid the Merfolk Ice Elementalist began the quest for the
                  | Orb.
     0 | D:1      | Reached XP level 1. HP: 13/13 MP: 3/3
   114 | D:1      | Found Wiawut's Assorted Antiques.
   269 | D:1      | Reached XP level 2. HP: 20/20 MP: 5/5
   294 | D:1      | Reached skill level 1 in Fighting
   368 | D:1      | Found Xiuroah's Antique Weapon Boutique.
   446 | D:1      | Found Plog's General Store.
   450 | D:1      | Bought a scroll of noise for 14 gold pieces
   456 | D:1      | Found Kuinitill's Antique Weapon Emporium.
   489 | D:1      | Found Yxuomnemy's Armour Shop.
   851 | D:2      | Found a faded altar of an unknown god.
   912 | D:2      | HP: 1/21 [frozen (5)]
   913 | D:2      | Frozen to death by an endoplasm

Illustrated notes

Levels and vault maps discovered:
D:1:      wheals_arrival_linesprint, layout_rooms, serial_shops,
          nicolae_shop_peninsula, nicolae_shop_back_alley_shop, shop, shop,
          shop, minmay_misc_feat_tower
D:2:      layout_basic, ebering_ecumenical_altar_webs

Skill      XL: |  1  2 |
---------------+-------+-----
Fighting       | 1 |  1.2
Dodging        | |  2.6
Stealth        | |  2.1
Spellcasting   | |  2.3
Ice Magic      | |  4.6

Action                     || total
---------------------------++-------
  Melee: Whip              ||    32
         Unarmed           ||     1
   Cast: Freeze            ||     5
   Stab: Sleeping          ||     2
 Armour: Robe              ||     4
  Dodge: Dodged            ||    26
